 Dungeon Crawl Stone Soup version 0.30-a0-168-g0b976cbdc4 (webtiles) character file.

Game seed: 15889764049263047973

695 qw the Chopper (level 7, -3/44 HPs)
             Began as a Gargoyle Fighter on Sept 29, 2022.
             Slain by an ogre
             ... wielding a +0 giant spiked club
              (6 damage)
             ... on level 5 of the Dungeon.
             The game lasted 00:01:51 (5254 turns).

qw the Chopper (Gargoyle Fighter)                   Turns: 5254, Time: 00:01:51

Health: -3/44      AC: 19    Str: 22    XL:     7   Next: 64%
Magic:  7/7        EV:  6    Int:  8    God:
Gold:   23         SH:  4    Dex:  9    Spells: 6/6 levels left

rFire   . . .      SeeInvis .    Y - +1 war axe
rCold   . . .      Faith    .    c - +0 buckler
rNeg    + + .      Spirit   .    h - +0 plate armour
rPois   inf        Reflect  .    (no helmet)
rElec   +          Harm     .    o - +0 cloak
rCorr   .          Rampage  .    (no gloves)
Will    .....                    e - +1 pair of boots
Stlth   ..........               (no amulet)
HPRegen 0.14/turn                m - ring of positive energy
MPRegen 0.10/turn                (no ring)

@: about to teleport
A: sickness immunity, AC +4, negative energy resistance 1, electricity
resistance, torment resistance 1, petrification resistance, MP-powered wands
a: no special abilities


You were on level 5 of the Dungeon.
You visited 1 branch of the dungeon, and saw 5 of its levels.

You collected 120 gold pieces.
You spent 97 gold pieces at shops.


Innate Abilities, Weirdness & Mutations

You are immune to sickness and miasma.
Your stone body is resilient. (AC +4)
You are immune to poison.
You resist negative energy. (rN+)
You are resistant to electric shocks. (rElec)
You are resistant to unholy torment.
You are immune to petrification.
You expend magic power (3 MP) to strengthen your wands.


   Skills:
 + Level 4.4 Fighting
 - Level 7.0 Axes
 - Level 4.0 Armour
 - Level 3.2 Shields


You had 6 spell levels left.
You didn't know any spells.
Your spell library was empty.

Inventory:

Hand Weapons
 i - a +0 flail
 Y - a +1 war axe (weapon)
Missiles
 j - 3 boomerangs (quivered)
Armour
 c - a +0 buckler (worn)
 e - a +1 pair of boots (worn)
 h - a +0 plate armour (worn)
 o - a +0 cloak (worn)
 s - an orb of energy
Jewellery
 m - a ring of positive energy (left hand)
 q - an amulet of regeneration
Scrolls
 a - a scroll of identify
 r - a scroll of amnesia {unknown}
Potions
 d - a potion of might
 f - a potion of invisibility {unknown}
 g - a potion of berserk rage {unknown}
 k - a potion of magic {unknown}
 l - 2 potions of heal wounds {unknown}
 n - 2 potions of mutation
 p - a potion of cancellation {unknown}

Dungeon Overview and Level Annotations

Branches:
Dungeon (5/15)
 Temple: D:4-7

Altars:
Xom
Yredelemnul

Shops:
D:3 [   D:4 (   D:5 *?

Annotations:
D:4 1 runed translucent door, Crazy Yiuf
D:5 4 runed translucent doors, qw's ghost, novice GrFi


Message History

The boomerang hits the adder!
The adder is heavily wounded.
Throw: 4 boomerangs
Press: ? - help, Q - select action Shift-Dir - straight line, f/p - adder You throw a boomerang.
The boomerang closely misses the adder.
The boomerang barely misses the ogre.
You slash the adder!
You kill the adder!
Qw's ghost says, "Try not to bleed too much."
You hit the ogre.
The ogre is lightly wounded.
The ogre hits you with a +0 giant spiked club.
Qw's ghost shouts, "You will join me soon!"
You hit the ogre.
The ogre is lightly wounded.
You hit the ogre.
The ogre is moderately wounded.
You block the ogre's attack.
You hit the ogre.
The ogre is heavily wounded.
The ogre hits you but does no damage.
You hit the ogre.
The ogre is severely wounded.
The ogre hits you with a +0 giant spiked club.
You closely miss the ogre.
The ogre is severely wounded.
The ogre hits you with a +0 giant spiked club!!
You hit the ogre but do no damage.
The ogre is severely wounded.
You barely miss the ogre.
The ogre is severely wounded.
The ogre hits you with a +0 giant spiked club!
5253 ||| READING scroll of teleportation.
As you read the scroll of teleportation, it crumbles to dust.
You feel strangely unstable. The ogre barely misses you.
You hit the ogre.
The ogre is almost dead.
The ogre hits you with a +0 giant spiked club.
You die...

+...8 #........%....
...+........########....
.(.+...<.## #.... ..#.
... ##### W#. .\.
####..#.# ......#8#
........#######
......O@......####
......#######....# .....
####.####### ....
#........ ... ####.....
#. #.#### # ##.#
#######>.# ##
........####.


You could see an ogre and qw's ghost.

Vanquished Creatures
  A black bear (D:5)
  A necrophage (D:3)
  2 orc priests
  3 iguanas
  Natasha (twice) (D:4)
  4 orc wizards
  8 gnolls (D:5)
  4 adders
  A worm (D:4)
  A dart slug (D:1)
  20 orcs
  5 endoplasms
  11 giant cockroaches
  12 goblins
  12 hobgoblins
  16 jackals
  5 quokkas
  2 ball pythons
  6 bats
  A frilled lizard (D:3)
  4 kobolds
  A kobold skeleton (D:5)
  6 rats
128 creatures vanquished.

Vanquished Creatures (others)
  2 fungi (D:4)
2 creatures vanquished.

Grand Total: 130 creatures vanquished

Notes
Turn   | Place    | Note
-------+----------+-------------------------------------------
     0 | D:1      | qw the Gargoyle Fighter began the quest for the Orb.
     0 | D:1      | Reached XP level 1. HP: 14/14 MP: 1/1
     0 | D:1      | 0 ||| qw: Version: 0.2-a-12-gaebbb33
     0 | D:1      | 0 ||| qw: Game counter: 1226
     0 | D:1      | 0 ||| qw: Always use a shield: true
     0 | D:1      | 0 ||| qw: God list: Okawaru
     0 | D:1      | 0 ||| qw: Allow faded altars: false
     0 | D:1      | 0 ||| qw: Do Orc after D:15 true
     0 | D:1      | 0 ||| qw: Do second Lair branch before Depths: true
     0 | D:1      | 0 ||| qw: Lair rune preference: random
     0 | D:1      | 0 ||| qw: Plans: Normal, Zot:1-4, God:TSO, Crypt, Tomb,
                  | Pan, Slime:5, Hells, Abyss, Orb
     0 | D:1      | 0 ||| PLANNING D:1-11
    36 | D:1      | 36 ||| Stepping ~*~*~tactically~*~*~ (stealth).
    48 | D:1      | Reached skill level 2 in Axes
    54 | D:1      | 54 ||| Stepping ~*~*~tactically~*~*~ (stealth).
    57 | D:1      | 57 ||| Stepping ~*~*~tactically~*~*~ (stealth).
    59 | D:1      | 59 ||| Stepping ~*~*~tactically~*~*~ (stealth).
    61 | D:1      | 61 ||| Stepping ~*~*~tactically~*~*~ (stealth).
    71 | D:1      | 71 ||| Stepping ~*~*~tactically~*~*~ (stealth).
    94 | D:1      | 94 ||| Stepping ~*~*~tactically~*~*~ (stealth).
   106 | D:1      | Reached XP level 2. HP: 15/19 MP: 2/2
   203 | D:1      | 203 ||| Stepping ~*~*~tactically~*~*~ (stealth).
   207 | D:1      | 207 ||| Stepping ~*~*~tactically~*~*~ (stealth).
   208 | D:1      | 208 ||| Stepping ~*~*~tactically~*~*~ (stealth).
   212 | D:1      | 212 ||| Stepping ~*~*~tactically~*~*~ (stealth).
   342 | D:1      | Found a faded altar of an unknown god.
   366 | D:1      | 366 ||| Stepping ~*~*~tactically~*~*~ (stealth).
   572 | D:1      | Reached skill level 3 in Axes
   717 | D:1      | Reached XP level 3. HP: 23/23 MP: 3/3
  1076 | D:1      | 1076 ||| UPGRADING to +0 pair of boots.
  1081 | D:1      | 1081 ||| DROPPING orb of wrath.
  1082 | D:1      | 1082 ||| UPGRADING to ring of positive energy.
  1083 | D:1      | 1083 ||| READING 2 scrolls labelled TYZUVAS WIPPA.
  1084 | D:1      | 1084 ||| READING scroll labelled UVA FATSUS.
  1085 | D:1      | 1085 ||| DRINKING 2 murky sapphire potions.
  1086 | D:1      | 1086 ||| DRINKING 2 sapphire potions.
  1086 | D:1      | Gained mutation: You expend magic power (3 MP) to
                  | strengthen your wands. [potion of mutation]
  1367 | D:2      | 1367 ||| Stepping ~*~*~tactically~*~*~ (stealth).
  1709 | D:2      | Reached XP level 4. HP: 26/28 MP: 4/4
  1982 | D:2      | 1982 ||| FLEEEEING.
  1989 | D:2      | 1989 ||| STAIRDANCE
  2055 | D:1      | 2055 ||| UPGRADING to +0 plate armour.
  2065 | D:1      | 2065 ||| DROPPING +0 scale mail.
  2066 | D:1      | 2066 ||| READING scroll labelled DAEZEI SEOWN.
  2071 | D:1      | 2071 ||| READING scroll labelled UZOSUB NOPONG.
  2136 | D:2      | Reached skill level 4 in Axes
  2158 | D:2      | 2158 ||| READING scroll labelled FUGYXIXTAH.
  2212 | D:3      | Found Munuttarr's Antique Armour Shop.
  2224 | D:3      | 2224 ||| SHOPLISTING embroidered hat (182 gold, have 47).
  2224 | D:3      | 2224 ||| SHOPLISTING kite shield (117 gold, have 47).
  2224 | D:3      | 2224 ||| SHOPLISTING pair of embroidered boots (195 gold,
                  | have 47).
  2228 | D:3      | 2228 ||| DROPPING +0 club.
  2252 | D:3      | Reached XP level 5. HP: 23/32 MP: 5/5
  2324 | D:3      | Reached skill level 5 in Axes
  2378 | D:3      | 2378 ||| DROPPING +0 whip.
  2468 | D:3      | 2468 ||| Stepping ~*~*~tactically~*~*~ (stealth).
  2469 | D:3      | 2469 ||| Stepping ~*~*~tactically~*~*~ (stealth).
  2566 | D:3      | Identified the +4 chain mail "Kiceam" {Rampage}
  3001 | D:3      | 3001 ||| DROPPING +4 chain mail "Kiceam" {Rampage}.
  3002 | D:3      | 3002 ||| UPGRADING to +0 cloak.
  3156 | D:4      | 3156 ||| Stepping ~*~*~tactically~*~*~ (stealth).
  3167 | D:4      | 3167 ||| Stepping ~*~*~tactically~*~*~ (hiding).
  3171 | D:4      | Reached XP level 6. HP: 38/38 MP: 6/6
  3348 | D:4      | Noticed Natasha
  3356 | D:4      | Killed Natasha
  3457 | D:4      | 3457 ||| DROPPING +5 mace.
  3493 | D:4      | Found a shimmering altar of Xom.
  3510 | D:4      | 3510 ||| Stepping ~*~*~tactically~*~*~ (stealth).
  3547 | D:4      | 3547 ||| Stepping ~*~*~tactically~*~*~ (hiding).
  3755 | D:4      | Reached skill level 6 in Axes
  3867 | D:4      | Found a runed translucent door.
  3868 | D:4      | Noticed Crazy Yiuf
  4169 | D:4      | Noticed Natasha
  4170 | D:4      | 4170 ||| Stepping ~*~*~tactically~*~*~ (hiding).
  4172 | D:4      | 4172 ||| Stepping ~*~*~tactically~*~*~ (hiding).
  4176 | D:4      | Killed Natasha
  4297 | D:4      | Found Pinen's Weapon Shoppe.
  4308 | D:4      | 4308 ||| SHOPLISTING +0 eveningstar of protection (220
                  | gold, have 89).
  4308 | D:4      | 4308 ||| SHOPLISTING +0 morningstar of Golden Guilt {pain,
                  | Fly Int+2 Stlth+} (287 gold, have 89).
  4425 | D:4      | 4425 ||| READING scroll labelled XOTAPE CANU.
  4470 | D:5      | Entered Level 5 of the Dungeon
  4470 | D:5      | Found a runed translucent gate.
  4471 | D:5      | Found a runed translucent gate.
  4478 | D:5      | Reached XP level 7. HP: 39/43 MP: 7/7
  4485 | D:5      | 4485 ||| DRINKING potion of curing.
  4485 | D:5      | 4485 ||| (to cure confusion)
  4541 | D:5      | 4541 ||| Stepping ~*~*~tactically~*~*~ (stealth).
  4835 | D:5      | Found Faojic's Magic Scroll Shoppe.
  4866 | D:5      | 4866 ||| BUYING scroll of enchant armour (97 gold).
  4866 | D:5      | Bought a scroll of enchant armour for 97 gold pieces
  4866 | D:5      | 4866 ||| SHOPLISTING scroll of identify (26 gold, have 8).
  4866 | D:5      | 4866 ||| SHOPLISTING scroll of teleportation (39 gold, have
                  | 8).
  4866 | D:5      | 4866 ||| READING scroll of enchant armour.
  4866 | D:5      | 4866 ||| ENCHANTING +0 pair of boots.
  4870 | D:5      | 4870 ||| Stepping ~*~*~tactically~*~*~ (hiding).
  4883 | D:5      | 4883 ||| Stepping ~*~*~tactically~*~*~ (stealth).
  4885 | D:5      | 4885 ||| Stepping ~*~*~tactically~*~*~ (hiding).
  4889 | D:5      | 4889 ||| Stepping ~*~*~tactically~*~*~ (stealth).
  4898 | D:5      | Reached skill level 7 in Axes
  5057 | D:5      | 5057 ||| Stepping ~*~*~tactically~*~*~ (hiding).
  5058 | D:5      | 5058 ||| Stepping ~*~*~tactically~*~*~ (hiding).
  5062 | D:5      | 5062 ||| Stepping ~*~*~tactically~*~*~ (stealth).
  5072 | D:5      | 5072 ||| DRINKING potion of curing.
  5072 | D:5      | 5072 ||| (to cure confusion)
  5164 | D:5      | Noticed a human
  5169 | D:5      | Found a runed translucent door.
  5172 | D:5      | Found a basalt altar of Yredelemnul.
  5193 | D:5      | Identified the +5 trident of Byjucibe {flame, rPois rC++
                  | rN+}
  5238 | D:5      | Found Nise Ida's Assorted Antiques.
  5238 | D:5      | Noticed qw's ghost (novice GrFi)
  5239 | D:5      | Found a runed translucent gate.
  5252 | D:5      | HP: 3/44 [ogre/+0 giant spiked club (14)]
  5253 | D:5      | 5253 ||| READING scroll of teleportation.
  5254 | D:5      | Slain by an ogre

Levels and vault maps discovered:
D:1:      saegor_arrival_simple_c, layout_basic, ebering_ecumenical_altar_box,
          feat_on_display
D:2:      layout_basic, minmay_worlds_worst_comb
D:3:      layout_basic, serial_shops, nicolae_shop_crystal
D:4:      layout_basic, lemuel_crystal_altar, serial_shops,
          nicolae_shop_hallway_stairs, uniq_natasha, uniq_crazy_yiuf_cottage
D:5:      layout_rooms, grunt_temple_overflow_magic_moments,
          dk_yredelemnul_ordeal, ebering_ghost_rock_garden, serial_shops,
          nicolae_square_shop, shop_statue, nicolae_shop_statue_plus,
          nrook_mini_vaults, minmay_misc_feat_square, minivault_5

Skill      XL: |  1  2  3  4  5  6  7 |
---------------+----------------------+-----
Axes           | 2 3 4 5 6 7 |  7.0
Fighting       | 4 |  4.4
Armour         | 4 |  4.0
Shields        | |  3.2

Action                   |  1- 3 |  4- 6 |  7- 9 || total
-------------------------+-------+-------+-------++-------
Melee: War axe           |   126 |   161 |    66 ||   353
Throw: Boomerang         |       |       |     5 ||     5
  Use: Scroll            |     2 |     4 |     2 ||     8
       Potion            |     2 |       |     2 ||     4
Armor: Scale mail        |    82 |    10 |       ||    92
       Plate armour      |       |    96 |    56 ||   152
Dodge: Dodged            |    55 |    59 |    28 ||   142
Block: Buckler           |    20 |    30 |    12 ||    62

Table legend:
 A = Non-vault XP
 B = Vault XP
 C = Vault XP percentage of total XP
 D = Non-vault monster count
 E = Vault monster count
 F = Vault count percentage of total count
                 A         B        C        D         E       F
            +---------+---------+-------+---------+---------+-------
      Total |     945 |      48 |   4.8 |     120 |       8 |   6.2
            +---------+---------+-------+---------+---------+-------
        D:1 |      35 |       0 |   0.0 |      19 |       0 |   0.0
        D:2 |      62 |      12 |  16.2 |      28 |       6 |  17.6
        D:3 |     189 |       0 |   0.0 |      17 |       0 |   0.0
        D:4 |     281 |      35 |  11.1 |      35 |       1 |   2.8
        D:5 |     378 |       1 |   0.3 |      21 |       1 |   4.5
            +---------+---------+-------+---------+---------+-------
